 Dungeon Crawl Stone Soup version 0.21.1-1-g345015fe64 (webtiles) character file.

910 Freyura the Sneak (level 8, -14/42 HPs)
             Began as a Vine Stalker Assassin on May 18, 2018.
             Demolished by Duvessa
             ... wielding a +6 short sword of draining
              (21 damage)
             ... on level 5 of the Dungeon.
             The game lasted 00:26:07 (4696 turns).

Freyura the Sneak (Vine Stalker Assassin)           Turns: 4696, Time: 00:26:08

Health: -14/42     AC:  6    Str: 15    XL:     8   Next: 8%
Magic:  0/11       EV: 13    Int: 11    God:
Gold:   196        SH:  5    Dex: 17    Spells: 7/7 levels left

rFire    . . .     SeeInvis .   n - +2 dagger (elec)
rCold    . . .     Gourm    .   (no shield)
rNeg     . . .     Faith    .   c - +0 robe
rPois    .         Spirit   +   (no helmet)
rElec    .         Reflect  +   y - +2 cloak {+Inv}
rCorr    .         Harm     .   (no gloves)
MR       +....                  v - +0 pair of boots
Stlth    +++++.....             i - +5 amulet of reflection
HPRegen  0.54/turn              w - ring of stealth
MPRegen  0.12/turn              H - ring of stealth

@: drained
A: fangs 3, regeneration 1, magic shield, antimagic bite, no potion heal 3, rot
immunity
a: Evoke Invisibility


You were on level 5 of the Dungeon.
You were not hungry.

You visited 1 branch of the dungeon, and saw 5 of its levels.
You also visited: Sewer.

You collected 196 gold pieces.

Inventory:

Hand Weapons
 a - a +2 dagger
 b - a +0 blowgun
 n - a +2 dagger of electrocution (weapon)
 s - a +0 rapier
 B - a +2 short sword of venom
Missiles
 e - 7 poisoned needles
 f - 2 curare-tipped needles
Armour
 c - a +0 robe (worn)
 d - a +0 cloak
 v - a +0 pair of boots (worn)
 y - a +2 cloak of invisibility (worn)
Jewellery
 i - a +5 amulet of reflection (around neck)
 o - an uncursed amulet of rage
 p - a +3 ring of strength {unknown}
 w - a ring of stealth (left hand)
 A - an uncursed ring of see invisible
 C - an uncursed ring of positive energy
 H - a ring of stealth (right hand)
 I - an uncursed ring of protection from magic {unknown}
Scrolls
 k - 2 scrolls of teleportation
 l - a scroll of identify
 q - 2 scrolls of enchant weapon {unknown}
 t - 2 scrolls of enchant armour {unknown}
 u - a scroll of remove curse {unknown}
 x - 2 scrolls of amnesia {unknown}
 D - a scroll of blinking {unknown}
 G - a scroll of magic mapping
Potions
 g - 2 potions of haste {unknown}
 h - 3 potions of curing {unknown}
 j - 3 potions of brilliance {unknown}
 m - 2 potions of lignification {unknown}
 z - a potion of might {unknown}
 E - 3 potions of magic {unknown}
 F - a potion of heal wounds {unknown}
Comestibles
 r - 6 rations


   Skills:
 + Level 3.7(2.9) Fighting
 + Level 3.8(2.9) Short Blades
 - Level 1.7(0.9) Throwing
 + Level 3.1(2.3) Dodging
 + Level 7.4(6.4) Stealth
 * Level 3.6(2.8) Evocations


You had 7 spell levels left.
You didn't know any spells.

Dungeon Overview and Level Annotations

Branches:
Dungeon (5/15)
 Temple: D:4-7

Altars:
Ashenzari
Cheibriados
Hepliaklqana
Ru
Vehumet
Wu Jian
Yredelemnul

Annotations:
D:5 Duvessa


Innate Abilities, Weirdness & Mutations

You have razor-sharp teeth.
Your natural rate of healing is unusually fast.
When hurt, damage is shared between your health and your magic reserves.
Your bite disrupts and absorbs the magic of your enemies.
Potions cannot restore your health.
You are immune to rotting.


Message History

Duvessa goes berserk!
You hit Duvessa but do no damage. Lightning courses through Duvessa!
Duvessa is moderately wounded.
Duvessa misses you.
You hit Duvessa but do no damage. Lightning courses through Duvessa!
You bite Duvessa. You drain her power.
Duvessa is heavily wounded.
Duvessa hits you with a short sword of draining!
You feel drained.
You hit Duvessa but do no damage.
Duvessa is heavily wounded.
Duvessa hits you with a short sword of draining!!
* * * LOW HITPOINT WARNING * * *
You feel drained.
* * * LOW HITPOINT WARNING * * *
You closely miss Duvessa.
Duvessa is heavily wounded.
Duvessa hits you with a short sword of draining!!
Ouch! That really hurt!
You die...

#...# ..#..... ##.## .
#..... #.# ##### ...g.. #.#
#... g.... ########
#.####.#### ...## #...†..#
#.........# ..# #.####.#
######.##.#.###.g.g
#.####.#### #.#.....#....
#.#.......# #@e..........
#.#.##.##.# ########....g #
#.#.##.##.# #...... .
.......##.# #...... ......
#########.# #.[.#..##.....
# #.# #...# ..#.....
###.##### #...# .......
##### #.......# #...#
.....# ....#
#.....#.######...#####...##


You could see Duvessa (berserk).

Vanquished Creatures
  Edmund (D:5)
  A phantom (D:5)
  3 scorpions
  Dowan (D:5)
  2 hounds (D:5)
  An orc wizard (D:5)
  Crazy Yiuf (D:3)
  An iguana (D:4)
  Terence (D:2)
  4 worker ants
  A hound skeleton (D:4)
  A worker ant zombie (D:5)
  2 river rats (D:4)
  7 adders
  A shadow imp (D:5)
  An ooze (D:1)
  An adder skeleton (D:4)
  4 worms
  A dart slug (D:1)
  5 leopard geckos
  8 orcs
  5 ball pythons
  4 bats
  3 giant cockroaches
  5 goblins
  10 hobgoblins
  20 jackals
  A quokka (D:2)
  12 frilled lizards
  A jackal skeleton (D:4)
  14 kobolds
  8 rats
  A spectral orc (D:3)
  3 plants (Sewer)
135 creatures vanquished.

Notes
Turn   | Place    | Note
-------+----------+-------------------------------------------
     0 | D:1      | Freyura the Vine Stalker Assassin began the quest for the Orb.
     0 | D:1      | Reached XP level 1. HP: 11/11 MP: 2/2
    99 | D:1      | Reached skill level 5 in Stealth
   287 | D:1      | Reached skill level 1 in Dodging
   287 | D:1      | Reached XP level 2. HP: 15/15 MP: 3/3
   769 | D:1      | Reached XP level 3. HP: 18/18 MP: 4/4
  1200 | D:2      | Found a hazy altar of Hepliaklqana.
  1392 | D:2      | Gained mutation: Your natural rate of healing is unusually fast. [Vine Stalker growth]
  1392 | D:2      | Reached XP level 4. HP: 23/23 MP: 5/5
  1494 | D:2      | Noticed Terence
  1509 | D:2      | Killed Terence
  1520 | D:2      | Reached skill level 6 in Stealth
  1554 | D:2      | Found an ornate altar of the Wu Jian Council.
  1580 | D:2      | Found a shattered altar of Ashenzari.
  1580 | D:2      | Found a radiant altar of Vehumet.
  1640 | D:2      | Found a sacrificial altar of Ru.
  1807 | D:3      | Reached XP level 5. HP: 27/27 MP: 6/6
  1978 | D:3      | Found a runed door.
  1982 | D:3      | Noticed Crazy Yiuf
  1986 | D:3      | Killed Crazy Yiuf
  2208 | D:3      | Found a basalt altar of Yredelemnul.
  2618 | D:4      | Reached skill level 1 in Evocations
  2618 | D:4      | Reached XP level 6. HP: 32/32 MP: 7/7
  3090 | D:4      | Found a glowing drain.
  3099 | Sewer    | Entered a sewer
  3154 | Sewer    | Reached XP level 7. HP: 36/36 MP: 9/9
  3986 | D:4      | Found a snail-covered altar of Cheibriados.
  4150 | D:5      | Entered Level 5 of the Dungeon
  4309 | D:5      | Reached skill level 7 in Stealth
  4349 | D:5      | Noticed Edmund
  4355 | D:5      | Killed Edmund
  4458 | D:5      | Gained mutation: You have razor-sharp teeth. [Vine Stalker growth]
  4458 | D:5      | Reached XP level 8. HP: 33/42 MP: 9/11
  4608 | D:5      | Noticed Dowan
  4625 | D:5      | Noticed Duvessa
  4645 | D:5      | Killed Dowan
  4696 | D:5      | Demolished by Duvessa

Skill      XL: |  1  2  3  4  5  6  7 |
---------------+----------------------+-----
Stealth        | 5 6 7 |  7.4
Dodging        | 1 2 3 |  3.1
Short Blades   | 2 3 |  3.8
Fighting       | 2 3 |  3.7
Evocations     | 1 2 3 |  3.6
Throwing       | |  1.7

Action                   |  1- 3 |  4- 6 |  7- 9 || total
-------------------------+-------+-------+-------++-------
Melee: Dagger            |   127 |   162 |   112 ||   401
       Bite              |    29 |    36 |    32 ||    97
 Fire: Blowgun           |       |     2 |     1 ||     3
  Use: Scroll            |       |     3 |     2 ||     5
 Stab: Sleeping          |     1 |    22 |     8 ||    31
       Distracted        |       |       |     2 ||     2
  Eat: Ration            |     2 |     2 |       ||     4
Armor: Robe              |    24 |    36 |    16 ||    76
Dodge: Dodged            |    52 |    98 |    19 ||   169
Block: Other             |    26 |    35 |     3 ||    64
       Reflection        |     2 |       |       ||     2
